 Dungeon Crawl Stone Soup version 0.26-a0-667-g92642533e4 (webtiles) character file.

Game seed: 8202478044764722921

11837 mandarbmax the Grappler (level 11, -2/113 HPs)
             Began as a Troll Transmuter on Oct 16, 2020.
             Was the Champion of Okawaru.
             Slain by a large abomination (31 damage)
             ... in a Gauntlet.
             The game lasted 00:45:58 (10456 turns).

mandarbmax the Grappler (Troll Transmuter)         Turns: 10456, Time: 00:45:59

Health: -2/113     AC:  8    Str: 22    XL:     11   Next: 54%
Magic:  7/12       EV: 18    Int: 15    God:    Okawaru [******]
Gold:   212        SH:  5    Dex: 19    Spells: 6/12 levels left

rFire    . . .     SeeInvis .     - Unarmed
rCold    . . .     Faith    .   (no shield)
rNeg     . . .     Spirit   .   a - +0 robe
rPois    .         Reflect  +   (helmet restricted)
rElec    .         Harm     .   q - +1 cloak
rCorr    +         Rampage  .   (gloves unavailable)
MR       .....     NoTele   +   (boots unavailable)
Stlth    ++++......             f - amulet of Mocken {Reflect Str+2 Dex+2 SH+5 Stlth+}
HPRegen  0.68/turn              I - ring of Symmetry {+Inv Int+4 Dex+6}
MPRegen  0.13/turn              D - ring of resist corrosion

@: mighty, heroism, very slightly contaminated, studying Bows, invisible
A: large, unfitting armour, claws 3, regeneration 1, shaggy fur 1, tough skin 3
a: Heroism, Finesse, Renounce Religion


You were in a Gauntlet.
You worshipped Okawaru.
Okawaru was exalted by your worship.
You visited 2 branches of the dungeon, and saw 11 of its levels.
You also visited: Gauntlet.

You collected 549 gold pieces.
You spent 337 gold pieces at shops.

Inventory:

Missiles
 b - 2 boomerangs of dispersal
 k - 26 poisoned darts (quivered)
 s - 4 silver boomerangs
 v - 8 boomerangs
 w - 8 javelins
 F - 5 datura-tipped darts
 G - 3 atropa-tipped darts
Armour
 a - a +0 robe (worn)
 q - a +1 cloak (worn)
Jewellery
 c - an uncursed amulet of faith
 f - the amulet of Mocken (around neck) {Reflect Str+2 Dex+2 SH+5 Stlth+}
   (You found it on level 4 of the Dungeon)

   [amulet of reflection]

   It shields you and reflects attacks.
   It affects your strength (+2).
   It affects your dexterity (+2).
   It affects your SH (+5).
   It makes you more stealthy.
 o - an uncursed amulet of the acrobat {unknown}
 y - an uncursed ring of poison resistance
 D - a ring of resist corrosion (right claw)
 I - the ring of Symmetry (left claw) {+Inv Int+4 Dex+6}
   (You found it in a Gauntlet)

   [ring of dexterity]

   It affects your intelligence (+4).
   It affects your dexterity (+6).
   It lets you turn invisible.
Wands
 j - a wand of digging (4)
 l - a wand of iceblast (4)
 H - a wand of disintegration (13)
Scrolls
 g - 6 scrolls of teleportation
 u - a scroll of holy word
 B - a scroll of fear
Potions
 d - 3 potions of haste
 e - 2 potions of ambrosia
 i - 5 potions of curing
 m - a potion of lignification {unknown}
 r - a potion of flight {unknown}
 t - 4 potions of heal wounds
 x - a potion of brilliance {unknown}
 z - a potion of berserk rage {unknown}
 A - a potion of degeneration {unknown}
 C - a potion of mutation
Books
 p - a manual of Bows
Miscellaneous
 E - a phial of floods (inert)


   Skills:
 + Level 8.8(13.8) Fighting
 - Level 6.1(11.1) Throwing
 - Level 6.0(11.0) Dodging
 + Level 10.9(15.9) Unarmed Combat
 - Level 1.2 Spellcasting
 - Level 3.0 Transmutations
 - Level 3.0 Invocations
 + Level 1.3 Evocations


You had 6 spell levels left.
You knew the following spells:

 Your Spells              Type           Power        Failure   Level
a - Beastly Appendage     Tmut           #.....       7%          1
b - Wereblood             Tmut           #.......     11%         2
c - Spider Form           Tmut/Pois      #.........   36%         3

Your spell library contained the following spells:

 Spells                   Type           Power        Failure   Level
 Ice Form                 Ice/Tmut       #.......     78%         4
 Blade Hands              Tmut           #.........   89%         5


Dungeon Overview and Level Annotations

Branches:
Dungeon (9/15)             Temple (0/1) D:5            Lair (2/6) D:9
 Shoals (0/4) Lair:2      Gauntlet (1/1)
  Snake: Lair:2-4    Spider: Lair:2-4       Orc: D:9-12

Altars:
Ashenzari
Elyvilon
Hepliaklqana
Nemelex Xobeh
Okawaru
Qazlal
Ru
Sif Muna
Wu Jian
Xom
Zin
The Shining One

Shops:
D:9 !*

Annotations:
Lair:1 exclusion: oklob plant Gauntlet 7 transporters


Innate Abilities, Weirdness & Mutations

You are too large for most types of armour.
You have claws for hands.
Your natural rate of healing is unusually fast.
You are covered in fur. (AC +1)
You have extremely tough skin. (AC +3)


Message History

Okawaru accepts your kill.
Evoke which item? (* to show all) (? for menu, Esc to quit)
Aiming: Disintegrate
Press: ? - help, Shift-Dir - straight line, f/p - large abomination
Aim: a large abomination (heavily damaged, chance to defeat MR: 10%)
Okay, then.
You gain the combat prowess of a mighty hero.
You barely miss the large abomination.
The large abomination is heavily damaged.
The large abomination hits you but does no damage.
Casting: Beastly Appendage (safe; 7% risk of failure)
Confirm with . or Enter, or press ? or * to list all spells.
You miscast Beastly Appendage.
Nothing appears to happen.
The large abomination hits you!!
* * * LOW HITPOINT WARNING * * *
Unknown command.
Unknown command.
You fade into invisibility!
The large abomination hits you!!
You die...

##..##..#.#.#..###########
#≈..#©#.#...#......#©#....
##..#########......#©#....
#≈.....#©#.....###########
##.....#©#.....#.##.#..###
#≈..#########..#.##.##.###
##..#..≈.##.#..##..#.....#
#≈..##≈≈##..#..###©##.##.#
##..###≈#@..#..###.##.##.#
#≈..#.##X##©#..##2...#...#
##..#...#.###..##.#####..#
#≈..#..##.?##..##.##.##..#
##..#.##©.=!#..#..[$©.)..#
#≈..#########..###########
##...........∩............
#≈....§§§.§...............
###§#≈#≈#≈########≈#≈#≈#≈#


You could see a large abomination.

Vanquished Creatures
  A moth of wrath (Gauntlet)
  Maurice (D:8)
  A cane toad (Lair:1)
  A komodo dragon (Lair:2)
  A troll (D:9)
  Prince Ribbit (D:6)
  4 blink frogs (Lair:1)
  11 yaks
  2 wyverns (D:9)
  2 basilisks (D:9)
  2 large abominations (Gauntlet)
  2 water moccasins
  4 orc warriors
  3 sky beasts
  4 ice beasts
  2 black bears
  10 wolves
  4 centaurs
  6 ogres
  3 big kobolds
  10 bullfrogs
  8 small abominations (Gauntlet)
  2 scorpions
  5 killer bees (D:9)
  A water moccasin skeleton (D:4)
  9 wights
  A bullfrog zombie (D:8)
  2 quasits
  11 orc wizards
  4 hounds
  7 orc priests
  4 jellies
  3 bullfrog skeletons
  4 iguanas
  Ijyb (D:3)
  6 worker ants
  A hound skeleton (D:6)
  A worker ant zombie (D:5)
  3 gnolls (D:7)
  6 adders
  2 shadow imps
  2 white imps (D:7)
  2 ufetubi (D:9)
  2 oozes
  An adder zombie (D:4)
  2 adder skeletons
  2 worms
  A dart slug (D:3)
  6 leopard geckos
  51 orcs
  8 bats
  7 giant cockroaches
  8 goblins
  7 hobgoblins
  4 quokkas
  4 ball pythons
  2 frilled lizards
  21 kobolds
  A leopard gecko zombie (D:5)
  2 quokka skeletons
  7 rats
296 creatures vanquished.

Vanquished Creatures (others)
  7 fungi
  2 plants (Lair:1)
9 creatures vanquished.

Grand Total: 305 creatures vanquished

Notes
Turn   | Place    | Note
-------+----------+-------------------------------------------
     0 | D:1      | mandarbmax the Troll Transmuter began the quest for the
                  | Orb.
     0 | D:1      | Reached XP level 1. HP: 18/18 MP: 1/1
    88 | D:1      | Reached skill level 1 in Fighting
   146 | D:1      | Reached XP level 2. HP: 27/27 MP: 0/2
   435 | D:1      | Found a broken altar of Ashenzari.
   497 | D:1      | Learned a level 2 spell: Wereblood
  1015 | D:2      | Reached XP level 3. HP: 33/33 MP: 1/3
  1856 | D:2      | Found a stormy altar of Qazlal.
  1856 | D:2      | Found a hazy altar of Hepliaklqana.
  1860 | D:2      | Reached XP level 4. HP: 41/41 MP: 0/4
  1865 | D:2      | Found a glowing golden altar of the Shining One.
  1867 | D:2      | Found an iron altar of Okawaru.
  1868 | D:2      | Found a sparkling altar of Nemelex Xobeh.
  1879 | D:2      | Became a worshipper of Warmaster Okawaru
  2015 | D:3      | Noticed Ijyb
  2024 | D:3      | Killed Ijyb
  2278 | D:3      | Reached skill level 4 in Unarmed Combat
  2280 | D:3      | Reached XP level 5. HP: 48/48 MP: 1/5
  2372 | D:3      | Reached * piety under Okawaru
  2377 | D:3      | Reached skill level 5 in Unarmed Combat
  2677 | D:3      | Learned a level 3 spell: Spider Form
  2928 | D:4      | Reached XP level 6. HP: 26/55 MP: 2/6
  3012 | D:4      | Found a sacrificial altar of Ru.
  3029 | D:4      | Got a crude bone amulet
  3109 | D:4      | Identified the amulet of Mocken {Reflect Str+2 Dex+2 SH+5
                  | Stlth+} (You found it on level 4 of the Dungeon)
  3152 | D:4      | Reached skill level 6 in Unarmed Combat
  3560 | D:4      | Found a bloodstained altar of Trog.
  3564 | D:4      | Found a shimmering blue altar of Sif Muna.
  3564 | D:4      | Found a shimmering altar of Xom.
  3566 | D:4      | Found a glowing golden altar of the Shining One.
  3566 | D:4      | Found a broken altar of Ashenzari.
  3566 | D:4      | Found a sparkling altar of Nemelex Xobeh.
  3767 | D:5      | Entered Level 5 of the Dungeon
  3787 | D:5      | Noticed a sky beast
  3806 | D:5      | Killed a sky beast
  3806 | D:5      | Reached skill level 7 in Unarmed Combat
  3806 | D:5      | Reached XP level 7. HP: 55/62 MP: 7/7
  3994 | D:5      | Found a staircase to the Ecumenical Temple.
  4136 | D:5      | Reached ** piety under Okawaru
  4136 | D:5      | Reached skill level 8 in Unarmed Combat
  4209 | D:5      | Reached skill level 1 in Invocations
  4231 | D:5      | Reached XP level 8. HP: 24/74 MP: 4/8
  4434 | D:5      | Found an ornate altar of the Wu Jian Council.
  4660 | D:6      | Noticed Prince Ribbit
  4678 | D:6      | Killed Prince Ribbit
  4678 | D:6      | Reached *** piety under Okawaru
  4678 | D:6      | Reached skill level 1 in Throwing
  5291 | D:6      | Reached XP level 9. HP: 60/85 MP: 10/10
  5564 | D:7      | Learned a level 3 spell: Spider Form
  5683 | D:7      | Reached **** piety under Okawaru
  5683 | D:7      | Received a gift from Okawaru
  5683 | D:7      | Reached skill level 5 in Fighting
  6073 | D:7      | Found a sacrificial altar of Ru.
  6553 | D:8      | Found a broken altar of Ashenzari.
  6742 | D:8      | Reached skill level 5 in Dodging
  6996 | D:8      | Found a white marble altar of Elyvilon.
  7205 | D:8      | Reached ***** piety under Okawaru
  7207 | D:8      | Noticed Maurice
  7234 | D:8      | Killed Maurice
  7234 | D:8      | Reached skill level 5 in Throwing
  7234 | D:8      | Reached XP level 10. HP: 84/98 MP: 11/11
  7609 | D:9      | Found a staircase to the Lair.
  8003 | D:9      | Reached skill level 9 in Unarmed Combat
  8087 | D:9      | Found Ydimag's Distillery.
  8250 | D:9      | Found Zuax's General Store.
  8894 | D:9      | Bought a scroll of fear for 52 gold pieces
  8894 | D:9      | Bought a potion of heal wounds for 75 gold pieces
  8933 | D:9      | Bought a potion of curing for 45 gold pieces
  8933 | D:9      | Bought a potion of curing for 45 gold pieces
  8933 | D:9      | Bought a potion of mutation for 120 gold pieces
  8967 | Lair:1   | Entered Level 1 of the Lair of Beasts
  9078 | Lair:1   | Reached ****** piety under Okawaru
  9084 | Lair:1   | Received a gift from Okawaru
  9084 | Lair:1   | Reached skill level 10 in Unarmed Combat
  9090 | Lair:1   | Reached XP level 11. HP: 56/111 MP: 8/12
  9399 | Lair:1   | Noticed a four-headed hydra
  9406 | Lair:1   | Found a glowing silver altar of Zin.
  9409 | Lair:1   | Noticed an oklob plant
 10053 | Lair:2   | Found a gate leading to a gauntlet.
 10062 | Gauntlet | Entered a Gauntlet
 10062 | Gauntlet | Found a transporter.
 10062 | Gauntlet | Found a transporter.
 10062 | Gauntlet | Found a transporter.
 10062 | Gauntlet | Noticed a sixfirhy
 10063 | Gauntlet | Found a transporter.
 10067 | Gauntlet | Found a transporter.
 10072 | Gauntlet | Found a transporter.
 10076 | Gauntlet | Found a transporter.
 10078 | Gauntlet | Found a transporter.
 10078 | Gauntlet | Found a transporter.
 10085 | Gauntlet | Noticed a large abomination
 10086 | Gauntlet | Found a transporter.
 10087 | Gauntlet | Found a transporter.
 10116 | Gauntlet | Noticed a fire crab
 10181 | Gauntlet | Found a transporter.
 10263 | Gauntlet | Received a gift from Okawaru
 10278 | Gauntlet | Got a flickering bone ring
 10283 | Gauntlet | Identified the ring of Symmetry {+Inv Int+4 Dex+6} (You
                  | found it in a Gauntlet)
 10441 | Gauntlet | Killed a large abomination
 10441 | Gauntlet | Reached skill level 1 in Evocations
 10442 | Gauntlet | Received a gift from Okawaru
 10456 | Gauntlet | Slain by a large abomination

Illustrated notes

Levels and vault maps discovered:
D:1:      dpeg_arrival_more_subterranean_lakeside_camping, layout_loops_ring,
          minmay_misc_feat_nine_boxes, ashenzari_altar_1
D:2:      layout_basic, chequers_temple_overflow_minitemple
D:3:      layout_basic, uniq_ijyb
D:4:      layout_loops_ring, doesnt_xom_only_xom, lemuel_round_altar,
          kennysheep_generic_room_5
D:5:      cheibrodos_thug_alley, layout_basic, minmay_temple_entry_fiery,
          basic_altar, minmay_manual_mail
D:6:      cheibrodos_iron_armory, layout_rooms, kennysheep_generic_room_4,
          uniq_prince_ribbit1
D:7:      layout_loops_corners, basic_altar
D:8:      layout_rooms, elyvilon_altar_3, lemuel_crystal_altar, uniq_maurice
D:9:      layout_basic, david_lair_generic, serial_shops, shop,
          minmay_shop_grid_forest
Lair:1:   layout_regular_city, lemuel_oklob_altar
Lair:2:   dragon1_lemuel, layout_small_grid, minmay_shoals_entry_centaurs,
          gauntlet_entry_generic, st_stairs_12, serial_bayou_lake_a,
          lemuel_fruit_tree, infiniplex_staircase_pool
Gauntlet: minmay_gauntlet_mixed_big_or_small [gammafunk_gauntlet_arena_open,
          minmay_gauntlet_arena_77_two_lines, gammafunk_gauntlet_arena_split_x,
          minmay_gauntlet_arena_77_radiant_squares,
          gammafunk_gauntlet_arena_crates, minmay_gauntlet_arena_77_fan,
          gauntlet_exit_spiral]

Skill      XL: |  1  2  3  4  5  6  7  8  9 10 11 |
---------------+----------------------------------+-----
Fighting       | 1 2 4 6 8 |  8.8
Dodging        | 2 4 6 |  6.0
Transmutations | 2 3 |  3.0
Unarmed Combat | 4 5 7 8 10 | 10.9
Invocations    | 2 3 |  3.0
Throwing       | 2 5 6 |  6.1
Evocations     | 1 |  1.3
Spellcasting   | |  1.2

Action                   |  1- 3 |  4- 6 |  7- 9 | 10-12 || total
-------------------------+-------+-------+-------+-------++-------
Melee: Unarmed           |   100 |   123 |   247 |   205 ||   675
       Kick              |    11 |    23 |    48 |    44 ||   126
       Headbutt          |     3 |    16 |    32 |    26 ||    77
       Punch             |       |     3 |    13 |     8 ||    24
Throw: Dart              |       |     1 |    38 |    45 ||    84
       Boomerang         |       |       |     9 |    11 ||    20
       Javelin           |       |       |     8 |     7 ||    15
 Cast: Beastly Appendage |    28 |    31 |    50 |    31 ||   140
       Wereblood         |     6 |    11 |    17 |    12 ||    46
       Spider Form       |       |       |     9 |     5 ||    14
Invok: Heroism           |       |       |     2 |     1 ||     3
 Abil: Evoke Invisibilit |       |       |       |     1 ||     1
Evoke: Wand              |       |     4 |     5 |     2 ||    11
       Phial of floods   |       |       |       |     1 ||     1
  Use: Scroll            |       |     9 |     6 |     7 ||    22
       Potion            |       |       |     1 |     2 ||     3
 Stab: Sleeping          |       |     2 |     8 |       ||    10
       Invisible         |       |       |       |     3 ||     3
Armor: Robe              |    30 |    36 |    61 |    32 ||   159
       Skin              |       |       |     1 |       ||     1
Dodge: Dodged            |    46 |    40 |    99 |   108 ||   293
Block: Other             |       |     9 |    45 |    42 ||    96
       Reflection        |       |     1 |     4 |     2 ||     7

Table legend: (Time is in decaauts)
 A = Elapsed time spent in this place.
 B = Non-inter-level travel time spent in this place.
 C = Inter-level travel time spent in this place.
 D = Time resting spent in this place.
 E = Time spent auto-exploring this place.
 F = Levels seen in this place.
 G = Mean time per level.
                   A        B        C        D        E       F      G
               +--------+--------+--------+--------+--------+-----+--------+
         Total |  10344 |   9953 |    391 |    607 |   7381 |  12 |  862.0 |
       Dungeon |   8933 |   8574 |    359 |    486 |   6465 |   9 |  992.6 |
          Lair |   1027 |    996 |     31 |      0 |    778 |   2 |  513.5 |
      Gauntlet |    383 |    383 |      0 |    121 |    138 |   1 |  383.0 |
               +--------+--------+--------+--------+--------+-----+--------+

Top non-repeatable levels by time:
     D:9: 1455 daAuts
     D:2: 1080 daAuts
     D:7: 1069 daAuts
     D:3: 987 daAuts
  Lair:1: 983 daAuts
     D:5: 966 daAuts
     D:8: 957 daAuts
     D:4: 871 daAuts
     D:1: 810 daAuts
     D:6: 734 daAuts
Gauntlet: 383 daAuts
  Lair:2: 44 daAuts
